[Event "Titled Tuesday Blitz December 7 2021"]
[White "Florescu, Codrut-Constantin"]
[Black "Rodchenkov, Sergey D."]
[WhiteFideId "1202200"]
[BlackFideId "4168712"]
[WhiteElo "2243"]
[BlackElo "2306"]
[Result "1-0"]
[Round "05"]
[TimeControl "180+1"]
[Date "2021.12.07"]
[WhiteClock "0:00:57"]
[BlackClock "0:00:05"]

1. d4 d5 2. c4 dxc4 3. e3 Nf6 4. Bxc4 e6 5. Nf3 c5 6. O-O a6 7. Re1 Nc6 8. Nc3 Be7 9. a3 O-O 10. Ba2 Qc7 11. Qe2 b6 12. dxc5 Bxc5 13. b4 Be7 14. Bb2 Bb7 15. Rac1 Qb8 16. Ng5 Ne5 17. f4 Ng6 18. g3 a5 19. b5 a4 20. Bb1 Bc5 21. Nce4 h6 22. Nxf6+ gxf6 23. Ne4 Be7 24. Qh5 Kh7 25. Nxf6+ Bxf6 26. Bxf6 Qe8 27. Bg5 Rh8 28. Rc7 Kg8 29. Bf6 Bd5 30. Bxg6 fxg6 31. Rg7+ Kf8 32. Qe5 Rg8 33. Qd6+ 1-0


[Site "https://www.chess.com"]

[Event "Titled Tuesday Blitz December 7 2021"]
[White "Gabdushev, Ruslan"]
[Black "Materia, Marco"]
[WhiteFideId "4137833"]
[BlackFideId "45150451"]
[WhiteElo "2312"]
[BlackElo "2587"]
[Result "0-1"]
[Round "05"]
[TimeControl "180+1"]
[Date "2021.12.07"]
[WhiteClock "0:00:03"]
[BlackClock "0:00:28"]

1. c4 e6 2. g3 Nf6 3. Bg2 d5 4. Nf3 c6 5. O-O Bd6 6. Qc2 O-O 7. d4 Nbd7 8. Nbd2 b6 9. b3 Bb7 10. Bb2 Qe7 11. Ne5 c5 12. Nxd7 Nxd7 13. e3 Rac8 14. dxc5 Nxc5 15. Rac1 Rfd8 16. Qb1 Bb8 17. Rfd1 dxc4 18. Nxc4 Bxg2 19. Kxg2 Qb7+ 20. Kg1 Qf3 21. Nd2 Qe2 22. Bd4 Nd3 23. Rxc8 Rxc8 24. e4 e5 25. Be3 h5 26. Nc4 Nb4 27. a3 Nc6 28. Qd3 Qg4 29. Rc1 h4 30. Qd1 Qg6 31. Qf3 Ne7 32. Kg2 Qe6 33. Qe2 Ng6 0-1


[Site "https://www.chess.com"]

[Event "Titled Tuesday Blitz December 7 2021"]
[White "Garagulya, Konstantin"]
[Black "Zhigalko, Sergei"]
[WhiteFideId "4128931"]
[BlackFideId "13502956"]
[WhiteElo "2329"]
[BlackElo "2662"]
[Result "0-1"]
[Round "05"]
[TimeControl "180+1"]
[Date "2021.12.07"]
[WhiteClock "0:00:02"]
[BlackClock "0:00:20"]

1. d4 Nf6 2. Nf3 e6 3. g3 b5 4. Bg2 Bb7 5. O-O Be7 6. a4 b4 7. c3 a5 8. Nbd2 O-O 9. Nb3 d6 10. Be3 Nbd7 11. cxb4 axb4 12. Qc2 Be4 13. Qc1 Qb8 14. Bd2 Rc8 15. Ng5 Bxg2 16. Kxg2 c5 17. dxc5 dxc5 18. Qc4 Ne5 19. Qc2 Qb7+ 20. f3 h6 21. Nh3 c4 22. Nd4 c3 23. bxc3 bxc3 24. Bc1 Nd5 25. Nf4 Nb4 26. Qb3 Qa6 27. Re1 Rab8 28. Qd1 c2 29. Qd2 Nc4 30. Qc3 Nd6 31. Qe3 Nc4 32. Qc3 Na5 33. Qe3 Bc5 34. Bb2 Nc4 35. Qc3 Nxb2 36. Qxb2 Nd3 0-1


[Site "https://www.chess.com"]

[Event "Titled Tuesday Blitz December 7 2021"]
[White "Gelman, Alexander"]
[Black "Karas, Marek"]
[WhiteFideId "4118316"]
[BlackFideId "14928558"]
[WhiteElo "2375"]
[BlackElo "2270"]
[Result "1-0"]
[Round "05"]
[TimeControl "180+1"]
[Date "2021.12.07"]
[WhiteClock "0:02:45"]
[BlackClock "0:01:25"]

1. d4 Nf6 2. Nc3 g6 3. e4 d6 4. f4 Bg7 5. Nf3 O-O 6. e5 Nfd7 7. h4 c5 8. e6 fxe6 9. h5 e5 10. Bc4+ Rf7 11. hxg6 hxg6 12. Ng5 exd4 13. Bxf7+ Kf8 14. Ne6+ 1-0


[Site "https://www.chess.com"]

[Event "Titled Tuesday Blitz December 7 2021"]
[White "Goltsev, Dmitry"]
[Black "Mitusov, Semen"]
[WhiteFideId "24176710"]
[BlackFideId "14151049"]
[WhiteElo "2259"]
[BlackElo "2246"]
[Result "0-1"]
[Round "05"]
[TimeControl "180+1"]
[Date "2021.12.07"]
[WhiteClock "0:00:06"]
[BlackClock "0:00:12"]

1. e4 e5 2. Nf3 Nc6 3. d4 exd4 4. Nxd4 Bc5 5. Nb3 Bb6 6. Nc3 d6 7. Bc4 Nf6 8. Bg5 h6 9. Bh4 Be6 10. Nd5 Bxd5 11. exd5 Qe7+ 12. Qe2 Qxe2+ 13. Bxe2 Nxd5 14. O-O-O Nf4 15. Bf3 O-O 16. Bg3 Ng6 17. Bxc6 bxc6 18. Rhe1 Rfe8 19. a4 a6 20. a5 Ba7 21. c4 f5 22. h3 f4 23. Bh2 Rxe1 24. Rxe1 Bxf2 25. Re2 Be3+ 26. Kc2 Ne5 27. g3 Nxc4 28. gxf4 d5 29. Kc3 Rf8 30. f5 Rxf5 31. Bxc7 Rf3 32. Kb4 Rxh3 33. Nc5 Bd2+ 34. Rxd2 Nxd2 35. Nxa6 Rb3+ 36. Ka4 Rxb2 37. Nb4 Ne4 38. Nxc6 Nc3+ 39. Ka3 Rb1 40. Be5 Nb5+ 41. Ka4 h5 42. a6 h4 43. Nb4 Na7 44. Nxd5 h3 45. Nb4 Re1 46. Bb8 Nc8 47. Kb5 Re2 48. Kc6 h2 49. Bxh2 Rxh2 50. Nd5 Rc2+ 51. Kb7 g5 52. Nc7 Nd6+ 53. Kb6 Nc4+ 54. Kc6 Na5+ 55. Kb6 Nc4+ 56. Kc6 Ra2 57. Kb5 Nd6+ 58. Kc6 Ne4 59. Kd5 Nc3+ 60. Kc4 Ne2 61. Kd3 Nc1+ 62. Ke4 Kf7 63. Kf5 Ra5+ 64. Kg4 Nb3 65. Kh5 Nc5 66. a7 Rxa7 67. Nb5 Ra5 68. Nd6+ Ke6 69. Nc4 Ra4 70. Nd2 Kf5 71. Nf3 Rf4 72. Nxg5 Ne4 73. Nf7 Ng3+ 74. Kh6 Kf6 75. Ng5 Rh4# 0-1


[Site "https://www.chess.com"]

[Event "Titled Tuesday Blitz December 7 2021"]
[White "Gontcharov, Vladislav"]
[Black "Shapiro, Daniel"]
[WhiteFideId "4123492"]
[BlackFideId "2001780"]
[WhiteElo "2503"]
[BlackElo "2274"]
[Result "1-0"]
[Round "05"]
[TimeControl "180+1"]
[Date "2021.12.07"]
[WhiteClock "0:00:38"]
[BlackClock "0:00:02"]

1. e4 c5 2. Nf3 e6 3. d4 cxd4 4. Nxd4 a6 5. Bd3 g6 6. Nc3 Bg7 7. Be3 Ne7 8. Qf3 Nbc6 9. Nxc6 bxc6 10. O-O O-O 11. Rfd1 Rb8 12. Na4 Qa5 13. b3 d5 14. c4 dxe4 15. Bxe4 f5 16. Bxc6 Nxc6 17. Qxc6 Bxa1 18. Rxa1 Qd8 19. Re1 Re8 20. h3 Bb7 21. Qc5 e5 22. Bc1 Qd7 23. Qe3 Qd4 24. Nc5 f4 25. Qxd4 exd4 26. Rd1 f3 27. Nxb7 Rxb7 28. gxf3 Rd7 29. Bd2 Re2 30. c5 Rf7 31. Kg2 d3 32. b4 Rf5 33. a4 Rf7 34. c6 Re5 35. Be3 Rc7 36. Rc1 Rd5 37. Bd2 1-0


[Site "https://www.chess.com"]

[Event "Titled Tuesday Blitz December 7 2021"]
[White "Goryachkina, Aleksandra"]
[Black "Djordjevic, Vuk"]
[WhiteFideId "4147103"]
[BlackFideId "902098"]
[WhiteElo "2441"]
[BlackElo "2463"]
[Result "1/2-1/2"]
[Round "05"]
[TimeControl "180+1"]
[Date "2021.12.07"]
[WhiteClock "0:00:06"]
[BlackClock "0:00:08"]

1. e4 d5 2. exd5 Qxd5 3. Nc3 Qd6 4. d4 Nf6 5. Nf3 c6 6. Ne5 Nbd7 7. Bf4 Nd5 8. Nxd5 Qxd5 9. Qd3 g5 10. Bg3 Nxe5 11. Bxe5 f6 12. Bg3 Bf5 13. Qe3 Bxc2 14. Be2 Qe4 15. Bh5+ Kd7 16. O-O Qxe3 17. fxe3 Bd3 18. Rf2 Bg7 19. Rd1 Be4 20. Bg4+ e6 21. Bf3 Bxf3 22. gxf3 Ke7 23. Rc2 Rad8 24. b4 f5 25. Bf2 Rd7 26. a4 Rhd8 27. Rdc1 e5 28. dxe5 Rd1+ 29. Rxd1 Rxd1+ 30. Kg2 Bxe5 31. f4 gxf4 32. exf4 Bxf4 33. Kf3 Bd6 34. b5 cxb5 35. axb5 a6 36. bxa6 bxa6 37. Ra2 Rd3+ 38. Ke2 Ra3 39. Rb2 Ke6 40. Rb7 Ra2+ 41. Kf3 h5 42. Rh7 Ra3+ 43. Kg2 Bf4 44. Rxh5 a5 45. Rh7 a4 46. Ra7 Ke5 47. h4 Ke4 48. h5 Ra2 49. Re7+ Kd5 50. Ra7 Ke6 51. Kf3 Bg5 52. Ra6+ Kf7 53. Ra5 Ra3+ 54. Ke2 Kf6 55. Bd4+ Ke6 56. Re5+ Kd7 57. Rxf5 Be7 58. h6 Rh3 59. Bg7 a3 60. Ra5 Ke6 61. Kd1 Rh2 62. Kc1 Rh1+ 63. Kc2 Bd6 64. Kb3 Rh3+ 65. Ka2 Rh2+ 66. Ka1 Bb4 67. Ra6+ Kd5 68. Ra8 Kc4 69. Re8 Kb3 70. Re3+ Kc4 71. Re4+ Kb5 72. Re5+ Ka4 73. Re3 Rh1+ 74. Ka2 Rh2+ 75. Ka1 Bc5 76. Re4+ Kb5 77. Re1 Kc4 78. Rc1+ Kd5 79. Rd1+ Kc6 80. Rc1 Rh4 81. Rd1 Kb5 82. Rb1+ Ka4 83. Rc1 Bb4 84. Rd1 Rh2 85. Rb1 Rh3 86. Rd1 Rh2 87. Rc1 a2 88. Rd1 Kb3 89. Rd3+ Kc4 90. Rd1 Kb3 91. Rc1 Ba3 92. Rd1 Bc5 93. Rc1 Rh3 94. Rd1 Bb4 95. Rc1 Bd2 96. Rd1 Bf4 97. Re1 Rxh6 98. Rf1 Rg6 99. Rf3+ Kc2 100. Rxf4 Rxg7 101. Rf2+ Kb3 102. Rf3+ Kb4 103. Rf4+ Kc5 104. Kxa2 Kb5 105. Kb3 Kc5 106. Kc3 Kd6 107. Rd4+ Kc6 108. Rd3 Kc5 109. Re3 Kc6 110. Re4 Kc5 111. Rc4+ Kd6 112. Rd4+ Kc6 113. Rc4+ Kd6 114. Rd4+ 1/2-1/2


[Site "https://www.chess.com"]

[Event "Titled Tuesday Blitz December 7 2021"]
[White "Grunberg, Mihai-Lucian"]
[Black "Kislinsky, Alexey"]
[WhiteFideId "1204149"]
[BlackFideId "14108801"]
[WhiteElo "2364"]
[BlackElo "2335"]
[Result "0-1"]
[Round "05"]
[TimeControl "180+1"]
[Date "2021.12.07"]
[WhiteClock "0:00:03"]
[BlackClock "0:00:26"]

1. Nf3 g6 2. c4 Bg7 3. d4 c5 4. Nc3 Nf6 5. e4 Qa5 6. Bd3 d6 7. Be3 Bg4 8. dxc5 dxc5 9. Qb3 Nbd7 10. O-O Bxf3 11. gxf3 O-O 12. Nd5 e6 13. Nxf6+ Nxf6 14. Qb5 Qd8 15. Be2 b6 16. Rfd1 Qc7 17. Rd2 Rad8 18. Rad1 Rxd2 19. Rxd2 h6 20. a4 Kh7 21. a5 Nh5 22. Qd7 Qe5 23. Qd6 Qf6 24. f4 Qh4 25. axb6 axb6 26. Bxh5 gxh5 27. Qxb6 Qh3 28. f3 Rg8 29. Rg2 Bd4 30. Rxg8 Bxe3+ 0-1


[Site "https://www.chess.com"]

[Event "Titled Tuesday Blitz December 7 2021"]
[White "Guliev, Logman"]
[Black "Leitao, Rafael"]
[WhiteFideId "13400061"]
[BlackFideId "2101246"]
[WhiteElo "2128"]
[BlackElo "2609"]
[Result "0-1"]
[Round "05"]
[TimeControl "180+1"]
[Date "2021.12.07"]
[WhiteClock "0:01:47"]
[BlackClock "0:01:30"]

1. e4 e5 2. Nf3 Nc6 3. Bb5 a6 4. Ba4 Nf6 5. O-O b5 6. Bb3 Bc5 7. c3 d6 8. d4 Bb6 9. a4 Rb8 10. axb5 axb5 11. Na3 O-O 12. Nxb5 Bg4 13. Bc2 Bxf3 14. gxf3 Nh5 15. f4 Nxf4 16. Bxf4 exf4 17. Qg4 Qf6 18. b4 Ne7 19. Kh1 Ng6 20. Na3 c5 21. bxc5 dxc5 22. d5 Qxc3 23. f3 Ra8 0-1


[Site "https://www.chess.com"]

[Event "Titled Tuesday Blitz December 7 2021"]
[White "Gurevich, Dmitry"]
[Black "Akbas, Umut Ata"]
[WhiteFideId "2000407"]
[BlackFideId "44572646"]
[WhiteElo "2506"]
[BlackElo "1590"]
[Result "1-0"]
[Round "05"]
[TimeControl "180+1"]
[Date "2021.12.07"]
[WhiteClock "0:01:55"]
[BlackClock "0:01:40"]

1. d4 Nf6 2. c4 g6 3. Nc3 Bg7 4. e4 d6 5. Nf3 O-O 6. Be2 c5 7. d5 e6 8. O-O exd5 9. exd5 Bf5 10. h3 Ne4 11. Nxe4 Bxe4 12. Ng5 Bf5 13. Bd3 Bxd3 14. Qxd3 Bxb2 15. Nxf7 Qf6 16. Nh6+ Kg7 17. Ng4 Bxa1 18. Bh6+ 1-0


[Site "https://www.chess.com"]

[Event "Titled Tuesday Blitz December 7 2021"]
[White "Guz, Ari"]
[Black "Adly, Ahmed"]
[WhiteFideId "2825759"]
[BlackFideId "10601619"]
[WhiteElo "1913"]
[BlackElo "2656"]
[Result "0-1"]
[Round "05"]
[TimeControl "180+1"]
[Date "2021.12.07"]
[WhiteClock "0:00:22"]
[BlackClock "0:00:54"]

1. b3 a5 2. Nc3 d5 3. e3 e5 4. Bb2 Nf6 5. Nf3 e4 6. Ng1 c6 7. d3 exd3 8. Bxd3 Nbd7 9. Nf3 Nc5 10. Be2 Bd6 11. O-O O-O 12. h3 Qe7 13. Qd4 a4 14. Nxa4 Nxa4 15. bxa4 Bf5 16. Bd3 c5 17. Qh4 Ne4 18. Qxe7 Bxe7 19. g4 Be6 20. Bb5 Nd6 21. Ne5 Nxb5 22. axb5 Ra4 23. a3 Rfa8 24. Nd3 R8a5 25. Bc3 Rxb5 26. Rfb1 Bd7 27. Ne5 Be8 28. Rd1 d4 29. exd4 cxd4 30. Rxd4 Rc5 31. Bb4 Rxe5 0-1


[Site "https://www.chess.com"]

[Event "Titled Tuesday Blitz December 7 2021"]
[White "Hakemi, Arman"]
[Black "Marcziter, Dmitrii"]
[WhiteFideId "22520805"]
[BlackFideId "13900765"]
[WhiteElo "2208"]
[BlackElo "2155"]
[Result "1-0"]
[Round "05"]
[TimeControl "180+1"]
[Date "2021.12.07"]
[WhiteClock "0:00:18"]
[BlackClock "0:00:01"]

1. e4 c5 2. Nf3 a6 3. c3 d5 4. exd5 Qxd5 5. d4 Nf6 6. dxc5 Qxc5 7. Be3 Qc7 8. Na3 Nbd7 9. Be2 e6 10. O-O Bxa3 11. bxa3 O-O 12. c4 b6 13. a4 Bb7 14. Rb1 Bc6 15. Qb3 Rab8 16. Qa3 Be4 17. Rbc1 Nc5 18. a5 Rfc8 19. axb6 Rxb6 20. Rfd1 h6 21. Nd2 Bb7 22. Nb3 Nfd7 23. Nxc5 Nxc5 24. Rd2 Rd6 25. Bf4 Rxd2 26. Bxc7 Rxc7 27. Qe3 Rxa2 28. Rd1 a5 29. h4 a4 30. Rd8+ Kh7 31. Bd3+ f5 32. Qg3 Rf7 33. h5 Rf6 34. Qc7 Nxd3 35. Rd7 Ra1+ 36. Kh2 Kg8 37. Rxg7+ 1-0


[Site "https://www.chess.com"]

[Event "Titled Tuesday Blitz December 7 2021"]
[White "Halkias, Stelios"]
[Black "Maly, Alexey"]
[WhiteFideId "4201809"]
[BlackFideId "14103184"]
[WhiteElo "2575"]
[BlackElo "2294"]
[Result "1/2-1/2"]
[Round "05"]
[TimeControl "180+1"]
[Date "2021.12.07"]
[WhiteClock "0:02:07"]
[BlackClock "0:02:45"]

1. e4 c6 2. d4 d5 3. e5 Bf5 4. h4 h5 5. Bd3 Bxd3 6. Qxd3 e6 7. Bg5 Qa5+ 8. Nd2 Qa6 9. c4 Bb4 10. b3 Ne7 11. Nf3 Nf5 12. O-O Nd7 13. Rfd1 c5 14. a3 Bxd2 15. Bxd2 cxd4 16. Bb4 dxc4 17. bxc4 Qb6 18. Rab1 Nc5 1/2-1/2


[Site "https://www.chess.com"]

[Event "Titled Tuesday Blitz December 7 2021"]
[White "Harshavardhan G B"]
[Black "Rasulov, Vugar"]
[WhiteFideId "25059009"]
[BlackFideId "13402390"]
[WhiteElo "1825"]
[BlackElo "2560"]
[Result "0-1"]
[Round "05"]
[TimeControl "180+1"]
[Date "2021.12.07"]
[WhiteClock "0:00:11"]
[BlackClock "0:01:36"]

1. c4 Nf6 2. Nc3 e5 3. Nf3 Nc6 4. e4 Bb4 5. d3 Bxc3+ 6. bxc3 O-O 7. g3 h6 8. Bg2 d6 9. O-O a6 10. Be3 b5 11. c5 d5 12. Nd2 Bg4 13. f3 Be6 14. h3 Qd7 15. Kh2 Rad8 16. f4 dxe4 17. Nxe4 Qxd3 18. Nxf6+ gxf6 19. Qe1 Bd5 20. Rd1 Qc4 21. fxe5 Bxg2 22. Kxg2 Qe4+ 23. Kf2 Nxe5 24. Bxh6 Qf3+ 25. Kg1 Rxd1 26. Qxd1 Qxg3+ 27. Kh1 Qxh3+ 28. Kg1 Qxh6 29. Rf2 Ng6 30. Rg2 Kg7 31. Qd7 Rh8 32. Kf1 Qc1+ 33. Kf2 Qc2+ 34. Kg1 Qb1+ 35. Kf2 Qxa2+ 36. Kg1 Qe6 37. Qd2 Rh5 38. Re2 Rg5+ 39. Kf1 Qf5+ 40. Rf2 Qb1+ 41. Ke2 Re5+ 42. Kf3 Qe4+ 43. Kg3 Rg5+ 44. Kh3 Qh4# 0-1


[Site "https://www.chess.com"]

[Event "Titled Tuesday Blitz December 7 2021"]
[White "Holt, Conrad"]
[Black "Yilmaz, Mustafa"]
[WhiteFideId "2034387"]
[BlackFideId "6302718"]
[WhiteElo "2586"]
[BlackElo "2568"]
[Result "1-0"]
[Round "05"]
[TimeControl "180+1"]
[Date "2021.12.07"]
[WhiteClock "0:00:21"]
[BlackClock "0:00:03"]

1. d4 Nf6 2. c4 e6 3. Nc3 Bb4 4. Qc2 O-O 5. e4 d5 6. e5 Ne4 7. Bd3 c5 8. Nf3 cxd4 9. Nxd4 Nd7 10. Bf4 Qh4 11. g3 Qh5 12. O-O g5 13. cxd5 Nxc3 14. bxc3 gxf4 15. cxb4 Nxe5 16. dxe6 Bxe6 17. Rfe1 Rad8 18. Be2 Ng4 19. Nf3 Bd5 20. Nh4 fxg3 21. hxg3 Rfe8 22. Rad1 Qe5 23. Qc1 Nf6 24. Bb5 Qd6 25. Qg5+ Kh8 26. Nf5 Rg8 27. Qxg8+ Kxg8 28. Nxd6 Rxd6 29. Bc4 Rd7 30. Bxd5 Nxd5 31. Re5 Nb6 32. Rxd7 Nxd7 33. Re7 1-0


[Site "https://www.chess.com"]

[Event "Titled Tuesday Blitz December 7 2021"]
[White "Horvath, Dominik"]
[Black "Punin, Andrii"]
[WhiteFideId "1642561"]
[BlackFideId "14112639"]
[WhiteElo "2336"]
[BlackElo "2357"]
[Result "1-0"]
[Round "05"]
[TimeControl "180+1"]
[Date "2021.12.07"]
[WhiteClock "0:02:37"]
[BlackClock "0:01:58"]

1. e4 c6 2. Nc3 d5 3. Nf3 dxe4 4. Nxe4 Nf6 5. Qe2 Nxe4 6. Qxe4 Qa5 7. Qf4 Qf5 8. Qe3 Qxc2 9. Bd3 Qa4 10. O-O Na6 11. Ne5 f6 12. Nc4 e5 13. b3 Qb4 14. Ba3 Qxa3 15. Nxa3 Bxa3 16. Bxa6 bxa6 17. Qc3 Bd7 18. b4 1-0


[Site "https://www.chess.com"]

[Event "Titled Tuesday Blitz December 7 2021"]
[White "Ibrahimli, Murad"]
[Black "Paravyan, David"]
[WhiteFideId "13410229"]
[BlackFideId "4194985"]
[WhiteElo "2109"]
[BlackElo "2656"]
[Result "0-1"]
[Round "05"]
[TimeControl "180+1"]
[Date "2021.12.07"]
[WhiteClock "0:00:04"]
[BlackClock "0:00:09"]

1. Nf3 Nf6 2. c4 g6 3. Nc3 d5 4. cxd5 Nxd5 5. e3 Bg7 6. h4 Nb4 7. d4 c5 8. d5 O-O 9. a3 Bxc3+ 10. bxc3 Nxd5 11. h5 Bf5 12. hxg6 Bxg6 13. Bb2 Qb6 14. Qc1 Qa5 15. e4 Nb6 16. a4 c4 17. Ba3 Nc6 18. Be2 Nxa4 19. Bb2 Qb5 20. Rxa4 Qxa4 21. Qh6 Qc2 22. Bc1 Qxc3+ 23. Kf1 Rfd8 24. g3 Nd4 25. Nxd4 Qxd4 26. Be3 Qxe4 27. Rh4 Qe5 28. Bxc4 Rac8 29. Be2 Rc2 30. Bf3 Qf6 31. Rf4 Bd3+ 32. Kg2 Qxh6 33. Rg4+ Qg6 34. Rxg6+ hxg6 0-1


[Site "https://www.chess.com"]

[Event "Titled Tuesday Blitz December 7 2021"]
[White "Jobava, Baadur"]
[Black "Gasanov, Eldar"]
[WhiteFideId "13601520"]
[BlackFideId "14104466"]
[WhiteElo "2689"]
[BlackElo "2454"]
[Result "1-0"]
[Round "05"]
[TimeControl "180+1"]
[Date "2021.12.07"]
[WhiteClock "0:00:30"]
[BlackClock "0:00:01"]

1. e4 c5 2. c3 e5 3. Nf3 Nc6 4. d4 exd4 5. cxd4 cxd4 6. Bd3 Bb4+ 7. Nbd2 Nf6 8. O-O O-O 9. e5 Ng4 10. Nc4 d5 11. exd6 Bxd6 12. Re1 Bc7 13. h3 Nf6 14. Bg5 h6 15. Bh4 Be6 16. Rc1 Rc8 17. a3 Re8 18. Qd2 b5 19. Nce5 Nxe5 20. Nxe5 Bxe5 21. Rxe5 Rxc1+ 22. Qxc1 Qc8 23. Rc5 Qd8 24. Bxb5 Rf8 25. Bd3 Re8 26. b4 Bd7 27. Qf4 g5 28. Bxg5 Re1+ 29. Kh2 hxg5 30. Rxg5+ Kf8 31. Qxd4 Qe7 32. Ra5 Ng4+ 33. Kg3 Ne5 34. f4 Ng6 35. Bxg6 fxg6 36. Rxa7 Qe3+ 37. Qxe3 Rxe3+ 38. Kh4 Bc6 39. g3 Bg2 40. b5 Rb3 41. a4 Bf1 42. g4 1-0


[Site "https://www.chess.com"]

[Event "Titled Tuesday Blitz December 7 2021"]
[White "Juhasz, Agoston"]
[Black "Begmuratov, Khumoyun"]
[WhiteFideId "778346"]
[BlackFideId "14210207"]
[WhiteElo "2211"]
[BlackElo "1961"]
[Result "0-1"]
[Round "05"]
[TimeControl "180+1"]
[Date "2021.12.07"]
[WhiteClock "0:00:01"]
[BlackClock "0:00:03"]

1. d4 Nf6 2. c4 g6 3. Nc3 Bg7 4. e4 d6 5. Be2 O-O 6. Nf3 Bg4 7. Be3 Bxf3 8. Bxf3 c6 9. b4 Qc7 10. O-O e5 11. d5 cxd5 12. Nxd5 Nxd5 13. cxd5 f5 14. Qb3 Nd7 15. Rac1 Qd8 16. exf5 gxf5 17. Be2 f4 18. Bd2 e4 19. Bg4 Ne5 20. Be6+ Kh8 21. Qh3 Qg5 22. Kh1 Rf6 23. Rc7 Raf8 24. Bc3 Rh6 25. Bxe5 Bxe5 26. Qg4 Qf6 27. Rc8 Rxc8 28. Bxc8 Rh4 29. Qe6 Kg7 30. Rc1 Qxe6 31. Bxe6 e3 32. f3 Kf6 33. h3 Bd4 34. Kg1 Ke5 35. Kf1 Rh6 36. Ke2 Rg6 37. Bg4 h5 38. Bxh5 Rxg2+ 39. Kf1 Rf2+ 40. Ke1 Rh2 41. Rc7 Kxd5 42. Bf7+ Ke5 43. Rxb7 Bc3+ 0-1


[Site "https://www.chess.com"]

[Event "Titled Tuesday Blitz December 7 2021"]
[White "Kalogeris, Ioannis"]
[Black "Ivanchuk, Vasyl"]
[WhiteFideId "4239563"]
[BlackFideId "14100010"]
[WhiteElo "2287"]
[BlackElo "2710"]
[Result "0-1"]
[Round "05"]
[TimeControl "180+1"]
[Date "2021.12.07"]
[WhiteClock "0:00:16"]
[BlackClock "0:00:02"]

1. e4 e5 2. Nf3 Nc6 3. Bc4 Nf6 4. d3 Be7 5. Nc3 d6 6. a4 O-O 7. Ne2 d5 8. exd5 Nxd5 9. h3 Be6 10. c3 e4 11. Nfd4 Ne5 12. Nxe6 fxe6 13. O-O exd3 14. Bxd3 Bc5 15. Nd4 Bxd4 16. cxd4 Nxd3 17. Qxd3 Qf6 18. a5 a6 19. Be3 Rfd8 20. Qb3 Rab8 21. Rac1 h6 22. Qc4 Rd7 23. Qc5 Rbd8 24. Rce1 c6 25. Bc1 Nc7 26. Qe5 Qf7 27. Re3 Rd5 28. Qg3 Kh7 29. Rf3 Qd7 30. Be3 Rxa5 31. Qg4 Rf5 32. Rg3 Qf7 33. Qe4 Nd5 34. Bc1 Kh8 35. Rb3 Rd7 36. Rg3 Nf6 37. Qh4 Rh5 38. Qf4 Rf5 39. Qb8+ Kh7 40. Qa7 Rfd5 41. Be3 Ne4 42. Rf3 Qe8 43. Qb6 Nd6 44. Qb3 Nf5 45. Qd3 Kh8 46. Re1 Nxd4 47. Bxd4 Rxd4 48. Qb1 R4d6 49. Qe4 Re7 50. Qf4 Rdd7 51. Qe5 Rd5 52. Qf4 Rf5 53. Qe4 Rxf3 54. Qxf3 Qf7 55. Qg3 Qf5 56. Rd1 Kh7 57. Rd8 Rf7 58. Qe3 e5 59. Qc5 Qe4 60. Qd6 Qe1+ 61. Kh2 Qxf2 62. Qxe5 Qf4+ 63. Qxf4 Rxf4 64. Rd7 Rb4 65. Rd2 a5 66. Kg3 a4 67. Kf2 h5 68. Ke3 h4 69. Kd3 c5 70. Kc2 b6 71. Rd5 Kh6 72. Rd6+ g6 73. Rd5 g5 74. Re5 Kh5 75. Re8 Rf4 76. Re5 Rf2+ 77. Kc3 Rxg2 78. Re8 Rg3+ 79. Kc4 Rxh3 80. Kd5 Kg4 81. Ke4 Rh2 82. Kd3 Rf2 83. Re4+ Rf4 84. Re3 Rf3 0-1


[Site "https://www.chess.com"]

[Event "Titled Tuesday Blitz December 7 2021"]
[White "Kanyamarala, Tarun"]
[Black "Stoyanov, Tsvetan"]
[WhiteFideId "45004714"]
[BlackFideId "2917173"]
[WhiteElo "2077"]
[BlackElo "2191"]
[Result "0-1"]
[Round "05"]
[TimeControl "180+1"]
[Date "2021.12.07"]
[WhiteClock "0:00:04"]
[BlackClock "0:00:07"]

1. Nf3 c6 2. g3 d5 3. Bg2 Bg4 4. O-O Bxf3 5. Bxf3 Nf6 6. d3 Nbd7 7. e4 dxe4 8. dxe4 Qc7 9. Qe2 e5 10. a4 a5 11. Nd2 Bc5 12. Nc4 h6 13. Ne3 Nf8 14. Nf5 Ne6 15. Be3 Bxe3 16. Qxe3 g6 17. Nxh6 Nd4 18. Bd1 Qd7 19. c3 Qh3 20. g4 Rxh6 21. Qxh3 Rxh3 22. cxd4 exd4 23. e5 Nd5 24. Ra3 Rxa3 25. bxa3 O-O-O 26. f4 d3 27. Kf2 Nc3 28. Ke3 d2 29. f5 gxf5 30. gxf5 Kc7 31. h4 c5 32. h5 c4 33. h6 Rd3+ 34. Kf2 Rh3 35. e6 fxe6 36. fxe6 Nxd1+ 37. Rxd1 c3 38. Ke2 Rxh6 39. Kd3 Rh3+ 40. Kc2 Kd6 41. Rg1 Kxe6 42. Rg7 Rh1 0-1


[Site "https://www.chess.com"]

[Event "Titled Tuesday Blitz December 7 2021"]
[White "Koellner, Ruben Gideon"]
[Black "Khoroshev, Nikita"]
[WhiteFideId "12993093"]
[BlackFideId "14200287"]
[WhiteElo "2566"]
[BlackElo "2354"]
[Result "1-0"]
[Round "05"]
[TimeControl "180+1"]
[Date "2021.12.07"]
[WhiteClock "0:00:16"]
[BlackClock "0:00:04"]

1. d4 Nf6 2. Bg5 d6 3. Bxf6 gxf6 4. g3 f5 5. Bg2 Rg8 6. e3 Bg7 7. Ne2 c6 8. c4 Nd7 9. Nbc3 Nf6 10. b4 Bd7 11. a4 e6 12. O-O h5 13. h4 Bh6 14. b5 Rc8 15. Qd3 d5 16. c5 Ne4 17. a5 cxb5 18. Nxb5 a6 19. Nbc3 Bc6 20. Rfb1 Qc7 21. Nf4 Qe7 22. Nxe4 fxe4 23. Qe2 Bxf4 24. exf4 Qf6 25. Qe3 Rc7 26. Kh2 Rg4 27. Bh3 Rg7 28. Rb3 Qe7 29. Rab1 f5 30. Bf1 Qf6 31. Be2 Qg6 32. Rb6 Kf8 33. R1b3 Kg8 34. Qd2 Kh7 35. Re3 Kh6 36. Reb3 Qf6 37. Qe3 Qg6 38. Kg1 Qf6 39. Kf1 Qg6 40. Ke1 Qf6 41. Kd2 Qg6 42. Kc3 Qf6 43. Rb1 Qg6 44. Bd1 Qf6 45. Kd2 Qg6 46. Qe2 Qf7 47. R1b4 Qg6 48. Ba4 Bxa4 49. Rxa4 Qf6 50. Rab4 Rge7 51. Ke3 Kg6 52. Rd6 Kh6 53. Rbb6 Rxc5 54. Qd2 Rc6 55. Rdxc6 bxc6 56. Rxc6 Rb7 57. Qc3 Rb1 58. Qc5 Rb3+ 59. Kd2 Rd3+ 60. Ke2 Rxd4 61. Qb6 Ra4 62. Rxe6 Ra2+ 63. Kf1 Ra1+ 64. Kg2 1-0


[Site "https://www.chess.com"]

[Event "Titled Tuesday Blitz December 7 2021"]
[White "Korchmar, Vasiliy"]
[Black "Brunello, Marina"]
[WhiteFideId "24131750"]
[BlackFideId "822590"]
[WhiteElo "2370"]
[BlackElo "2328"]
[Result "1-0"]
[Round "05"]
[TimeControl "180+1"]
[Date "2021.12.07"]
[WhiteClock "0:00:55"]
[BlackClock "0:00:35"]

1. e4 c5 2. Nf3 d6 3. d4 cxd4 4. Nxd4 Nf6 5. Nc3 a6 6. Be2 e5 7. Nb3 Be7 8. O-O O-O 9. Be3 Be6 10. Qd2 Nbd7 11. a4 Nb6 12. a5 Nc4 13. Bxc4 Bxc4 14. Rfd1 Qc7 15. f3 Rfc8 16. Nc1 h6 17. Bb6 Qc6 18. Nd3 d5 19. Nxe5 Qe6 20. Nxc4 dxc4 21. Nd5 Bc5+ 22. Bxc5 Rxc5 23. Qd4 Rac8 24. Nxf6+ Qxf6 25. Qxf6 gxf6 26. c3 Rb5 27. Ra2 Rcc5 28. Rd7 Kf8 29. g4 Ke8 30. Rd4 Rxa5 31. Rxa5 Rxa5 32. Rxc4 Ra1+ 33. Kf2 Rb1 34. Rb4 b5 35. h4 Kf8 36. h5 Rc1 37. Ke3 Rc2 38. Kd3 Re2 39. Kxe2 1-0


[Site "https://www.chess.com"]

[Event "Titled Tuesday Blitz December 7 2021"]
[White "Kozionov, Kirill"]
[Black "Devaev, Alexander"]
[WhiteFideId "24101729"]
[BlackFideId "4169395"]
[WhiteElo "2426"]
[BlackElo "2185"]
[Result "1-0"]
[Round "05"]
[TimeControl "180+1"]
[Date "2021.12.07"]
[WhiteClock "0:00:35"]
[BlackClock "0:00:02"]

1. b3 d5 2. Bb2 c5 3. e3 a6 4. Nf3 Nc6 5. d4 cxd4 6. Nxd4 Nf6 7. Be2 e6 8. O-O Bc5 9. c4 O-O 10. cxd5 Bxd4 11. Bxd4 Nxd5 12. Bb2 e5 13. Nd2 Be6 14. Rc1 Rc8 15. a3 Qd7 16. Ne4 Rfd8 17. Nc5 Qe7 18. Qe1 f6 19. Nxe6 Qxe6 20. Rc4 Nb6 21. Qc3 Kh8 22. Rc5 Nd7 23. Bc4 Qe7 24. Rd5 b5 25. Bd3 b4 26. Qd2 bxa3 27. Bxa6 axb2 28. Bxc8 Nb6 29. Rxd8+ Nxd8 30. Bf5 g6 31. Bb1 Ne6 32. Qxb2 Nd5 33. Rd1 Nb4 34. Qc3 Kg7 35. h3 h5 36. Qc4 Ng5 37. Rc1 Kh6 38. Qc8 Qf8 39. Qxf8+ 1-0


[Site "https://www.chess.com"]